 Dungeon Crawl Stone Soup version 0.28.0-53-g5a82cb258f (webtiles) character file.

Game seed: 3736743455532537185

43 Descartes the Grasshopper (level 3, 0/27 HPs)
             Began as a Formicid Warper on May 23, 2022.
             Slain by a gnoll
             ... wielding a +0 halberd
              (3 damage)
             ... on level 1 of the Dungeon.
             The game lasted 00:02:30 (2120 turns).

Descartes the Grasshopper (Formicid Warper)         Turns: 2120, Time: 00:02:30

Health: 0/27       AC:  3    Str: 17    XL:     3   Next: 82%
Magic:  6/6        EV: 11    Int: 12    God:
Gold:   24         SH:  0    Dex: 10    Spells: 7/7 levels left

rFire   . . .      SeeInvis +   a - +0 mace
rCold   . . .      Faith    .   (no shield)
rNeg    . . .      Spirit   .   b - +0 leather armour
rPois   .          Reflect  .   (helmet unavailable)
rElec   .          Harm     .   (no cloak)
rCorr   .          Rampage  .   (no gloves)
Will    .....                   (no boots)
Stlth   +.........              (no amulet)
HPRegen 0.09/turn               (no ring)
MPRegen 0.10/turn               (no ring)

@: no status effects
A: permanent stasis, dig shafts and tunnels, antennae 3, four strong arms
a: Dig, Shaft Self


You were on level 1 of the Dungeon.
You visited 1 branch of the dungeon, and saw 2 of its levels.

You collected 24 gold pieces.

Inventory:

Hand Weapons
 a - a +0 mace (weapon)
Missiles
 c - 5 boomerangs of dispersal (quivered)
 e - 22 stones
 f - 2 poisoned darts
 j - 14 sling bullets
Armour
 b - a +0 leather armour (worn)
Scrolls
 d - a scroll of identify {unknown}
 g - a scroll of teleportation {unknown}
 h - a scroll of noise {unknown}
Potions
 i - a potion of resistance {unknown}


   Skills:
 - Level 2.1 Fighting
 * Level 2.7 Maces & Flails
 - Level 1.0 Throwing
 + Level 1.7 Armour
 - Level 1.7 Dodging
 + Level 1.1 Shields
 + Level 2.5 Spellcasting
 + Level 3.0 Translocations


You had 7 spell levels left.
You didn't know any spells.
Your spell library contained the following spells:

 Spells                   Type           Power      Damage    Failure   Level
 Gell's Gravitas          Tloc           8%         N/A       26%         3
 Lesser Beckoning         Tloc           8%         N/A       26%         3
 Teleport Other           Tloc           8%         N/A       26%         3
 Manifold Assault         Tloc           8%         N/A       94%         5
 Blink                    Tloc           Unusable   N/A       N/A         2

Dungeon Overview and Level Annotations

Branches:
Dungeon (2/15)

Altars:


Innate Abilities, Weirdness & Mutations

You cannot be hasted, slowed, berserked, paralysed or teleported.
You can dig through walls and to a lower floor.
You have a pair of large antennae on your head. (SInv)
Your four strong arms can wield two-handed weapons with a shield.


Message History

* * * LOW HITPOINT WARNING * * *
You hit the hobgoblin.
You kill the hobgoblin!
HP restored.
Done exploring.
There is a stone staircase leading down here.
You climb downwards.
Found a scroll labelled KOEHAI WIGEF.
Found an escape hatch in the floor.
There is a stone staircase leading up here.
d - a scroll labelled KOEHAI WIGEF
Found an escape hatch in the ceiling.
Found a stone staircase leading down.
Found a stone staircase leading down.
No target in view!
A gnoll is nearby!
There is an escape hatch in the ceiling here.
The gnoll closely misses you.
There is an escape hatch in the ceiling here.
The gnoll hits you with a +0 halberd! A mysterious force pulls you upwards.
The hatch slams shut behind you.
You hit the gnoll.
The gnoll is lightly wounded.
The gnoll hits you with a +0 halberd. The gnoll closely misses you.
You hit the gnoll but do no damage.
The gnoll is lightly wounded.
The gnoll barely misses you.
You hit the gnoll but do no damage.
The gnoll is lightly wounded.
The gnoll misses you.
You hit the gnoll.
The gnoll is moderately wounded.
The gnoll hits you with a +0 halberd. The gnoll misses you.
You hit the gnoll but do no damage.
The gnoll is moderately wounded.
The gnoll hits you with a +0 halberd!
* * * LOW HITPOINT WARNING * * *
You hit the gnoll but do no damage.
The gnoll is moderately wounded.
The gnoll hits you with a +0 halberd.
You die...

................#.# #.....#..#..
#############.#.#.# #.....#...#.
............#...#.# #.....#....#
...#######..#.#.#.# #.....#.....
...# #......#.# #.....#....#
...#######..#...#.# #..#......#.
...'........#.#.#.## #..#..#..#.#
...####............# #.....#.....
#.## ###.#.##..g@..###.##.##.....
#.####......)#.............#....#
..#........#.#.###.###.#####...#.
###.##.....#.#.# #.# #.# #..#..
...........#.#.###.###.# #.#...
..#.####.###.#.........# ##....
..#.# #.# #.#####.##..# #####
..#.####.# #.......##..# ####
.......#.# ###.........# #...


You could see a gnoll.

Vanquished Creatures
  2 bats (D:1)
  An endoplasm (D:1)
  3 giant cockroaches (D:1)
  4 goblins (D:1)
  9 hobgoblins (D:1)
  3 jackals (D:1)
  A quokka (D:1)
  9 ball pythons (D:1)
  3 frilled lizards
  A kobold (D:1)
  A rat (D:1)
37 creatures vanquished.

Notes
Turn   | Place    | Note
-------+----------+-------------------------------------------
     0 | D:1      | Descartes the Formicid Warper began the quest for the Orb.
     0 | D:1      | Reached XP level 1. HP: 16/16 MP: 3/3
   240 | D:1      | Reached XP level 2. HP: 20/22 MP: 5/5
   962 | D:1      | Reached XP level 3. HP: 27/27 MP: 6/6
  1212 | D:1      | Reached skill level 1 in Shields
  1833 | D:1      | Reached skill level 3 in Translocations
  2120 | D:1      | Slain by a gnoll

Illustrated notes

Levels and vault maps discovered:
D:1:      matt_arrival_diagonals, layout_basic, hex_intersection
D:2:      layout_rooms, basic_altar

Skill      XL: |  1  2  3 |
---------------+----------+-----
Shields        | 1 |  1.1
Translocations | 3 |  3.0
Fighting       | |  2.1
Maces & Flails | |  2.7
Throwing       | |  1.0
Armour         | |  1.7
Dodging        | |  1.7
Spellcasting   | |  2.5

Action                   || total
-------------------------++-------
Melee: Mace              ||   122
       Punch             ||     1
  Use: Potion            ||     1
Armor: Leather armour    ||    26
Dodge: Dodged            ||    99
